 Dungeon Crawl Stone Soup version 0.27.1-4-g1640c2035a (webtiles) character file.

Game seed: 6330371426686486071

16709 Gortrek the Protected (level 12, 86/112 HPs)
             Began as a Deep Dwarf Berserker on Nov 9, 2021.
             Was a Priest of Trog.
             Tarried too long and was consumed by Zot
             ... on level 2 of the Lair of Beasts on Nov 10, 2021.
             The game lasted 02:56:06 (24782 turns).

Gortrek the Protected (Deep Dwarf Berserker)       Turns: 24782, Time: 02:56:07

Health: 86/112     AC: 21    Str: 30    XL:     12   Next: 12%
Magic:  1/1        EV: 10    Int:  7    God:    Trog [***...]
Gold:   505        SH:  0    Dex: 14    Spells: 11/11 levels left

rFire    . . .     SeeInvis +   j - +3 spear of Usorira {venom, Will+ rCorr Dex+2}
rCold    . . .     Faith    +   (no shield)
rNeg     + . .     Spirit   .   G - +0 plate armour
rPois    .         Reflect  .   o - +0 helmet
rElec    .         Harm     .   (no cloak)
rCorr    +         Rampage  .   K - +1 pair of gloves {Str+3}
Will     ++...                  (no boots)
Stlth    ..........             n - amulet of faith
HPRegen  0.00/turn              u - ring of see invisible
MPRegen  0.07/turn              A - ring of positive energy

@: studying Armour, bezotted
A: damage resistance, heal wounds, sense surroundings 2, no regeneration
a: Heal Wounds, Renounce Religion, Berserk, Trog's Hand


You were on level 2 of the Lair of Beasts.
You worshipped Trog.
Trog was most pleased with you.
You visited 2 branches of the dungeon, and saw 11 of its levels.

You collected 648 gold pieces.
You spent 143 gold pieces at shops.

Inventory:

Hand Weapons
 j - the +3 spear of Usorira (weapon) {venom, Will+ rCorr Dex+2}
   (You took it off a spriggan on level 1 of the Lair of Beasts)

   It poisons the flesh of those it strikes.
   Dex:       It affects your dexterity (+2).
   rCorr:     It protects you from acid and corrosion.
   Will:      It increases your willpower.
 z - a +4 hand axe
 J - a +2 short sword of protection
 R - a +1 flail of protection
 U - a +0 scimitar of flaming
Missiles
 Q - a throwing net
Armour
 b - a +0 animal skin
 c - a +0 leather armour
 k - a +0 ring mail
 o - a +0 helmet (worn)
 x - a +0 scale mail
 y - a +1 chain mail of fire resistance
 D - the +1 ring mail "Piatir" {rN+}
   (You found it on level 6 of the Dungeon)

   rN:        It protects you from negative energy.
 G - a +0 plate armour (worn)
 H - +0 steam dragon scales
 K - a +1 pair of gloves of strength (worn)
 P - a +0 scale mail
Jewellery
 n - an amulet of faith (around neck)
 u - a ring of see invisible (left hand)
 A - a ring of positive energy (right hand)
 F - an amulet of the acrobat
 M - a ring of protection from cold
Wands
 m - a wand of iceblast (17)
 E - a wand of digging (9)
 I - a wand of mindburst (10)
 N - a wand of paralysis (7)
Scrolls
 a - a scroll of torment {unknown}
 d - a scroll of vulnerability {unknown}
 e - 7 scrolls of identify {unknown}
 g - 4 scrolls of teleportation {unknown}
 p - 2 scrolls of holy word {unknown}
 t - 2 scrolls of fog
 v - 2 scrolls of magic mapping {unknown}
 B - 2 scrolls of blinking {unknown}
 L - a scroll of amnesia {unknown}
 O - a scroll of noise {unknown}
Potions
 f - a potion of heal wounds {unknown}
 h - 3 potions of haste {unknown}
 i - 2 potions of lignification
 l - a potion of degeneration {unknown}
 q - 6 potions of curing
 r - a potion of invisibility
 s - a potion of flight
 w - 4 potions of mutation {unknown}
 C - 2 potions of attraction {unknown}
 S - a potion of brilliance {unknown}
 T - 2 potions of magic {unknown}


   Skills:
 + Level 8.8 Fighting
 + Level 13.8(13.9) Axes
 + Level 2.7(8.2) Polearms
 + Level 14.9 Armour
 + Level 5.1 Dodging
 + Level 3.8 Stealth


You had 11 spell levels left.
You didn't know any spells.
Your spell library contained the following spells:

 Spells                   Type           Power      Damage    Failure   Level
 Beastly Appendage        Tmut           0%         N/A       94%         1
 Sublimation of Blood     Necr           0%         N/A       98%         2
 Wereblood                Tmut           0%         N/A       98%         2
 Spider Form              Tmut/Pois      0%         N/A       100%        3
 Petrify                  Tmut/Erth      0%         N/A       100%        4
 Irradiate                Conj/Tmut      0%         3d13      100%        5


Dungeon Overview and Level Annotations

Branches:
Dungeon (9/15)             Temple (0/1) D:4            Lair (2/6) D:9
  Swamp (0/4) Lair:2
  Snake: Lair:2-4    Spider: Lair:2-4       Orc: D:9-12

Altars:
Ashenzari
Cheibriados
Elyvilon
Hepliaklqana
Makhleb
Sif Muna
Beogh

Shops:
D:1 [   D:4 !   D:8 (

Annotations:
D:3 Terence


Innate Abilities, Weirdness & Mutations

You are resistant to damage.
You can heal yourself by infusing magical energy.
You passively map the area around you.
You do not regenerate.


Message History

You hit the plant.
The plant is lightly damaged.
A nearby plant withers and dies.
You hit the fungus.
The fungus begins to die.
The fungus is poisoned.
The fungus is lightly damaged.
You hit the fungus.
The fungus is lightly damaged.
You puncture the fungus!
The fungus is lightly damaged.
You hit the fungus.
The fungus is lightly damaged.
You puncture the fungus!
The fungus looks as sick as possible!
The fungus is lightly damaged.
You puncture the fungus!
The fungus is moderately damaged.
A nearby fungus withers and dies.
The electric eel shoots out a bolt of lightning at you!
The bolt of electricity hits you. Zot has nearly found you.
Death is approaching.
Descend or flee this branch!
The electric eel shoots out a bolt of lightning at you!
The bolt of electricity hits you.
The electric eel shoots out a bolt of lightning at you!
The bolt of electricity hits you but does no damage.
The electric eel shoots out a bolt of lightning at you!
The bolt of electricity hits you.
The electric eel shoots out a bolt of lightning at you!
The bolt of electricity hits you!
The bolt of electricity hits the fungus!
The fungus begins to die.
The electric eel shoots out a bolt of lightning at you!
The bolt of electricity hits you!
The bolt of electricity hits the fungus!
The electric eel shoots out a bolt of lightning at you!
The bolt of electricity hits the fungus!
The bolt of electricity hits you.
The electric eel shoots out a bolt of lightning at you!
The bolt of electricity hits you!
You start waiting.
You start waiting.
Zot has found you!
You die...

##..# # ** #..## ####
#....####...###..##
................#P♣♣
.≈.>.≈≈≈≈..P#P...P≈♣♣#
.≈..≈≈≈;≈..###....P≈≈♣#
≈≈≈≈≈≈≈≈≈..##....≈≈≈≈P#
≈≈≈≈≈≈≈≈≈.###....≈≈≈P♣
≈≈≈≈≈≈≈≈.## ##..@P≈♣♣#
≈≈≈≈≈≈≈..P# ####≈♣♣
.≈≈≈≈....## *#♣
P......### P.#.#.#.## #
###....## # #.....#
#....## # ##...##


There were no monsters in sight!

Vanquished Creatures
  A hydra (Lair:1)
  Erica (D:8)
  A bog body (Lair:1)
  Pikel (D:6)
  The ghost of PanSaczeczos the Skirmisher, a novice DrAr of Ru (D:7)
  An elephant (Lair:2)
  8 cane toads
  A rime drake (Lair:1)
  2 komodo dragons
  Grinder (D:5)
  Prince Ribbit (D:7)
  20 yaks
  A wraith (D:9)
  A basilisk (Lair:1)
  A steam dragon (D:7)
  Menkaure (D:6)
  A warg (D:7)
  9 water moccasins
  5 orc warriors
  A sky beast (D:8)
  3 black bears
  3 ice beasts
  2 necrophages
  6 wolves (Lair:1)
  An ogre (D:6)
  5 centaurs
  A kobold brigand (D:9)
  7 bullfrogs
  A scorpion (D:6)
  A gnoll sergeant (D:9)
  4 killer bees (D:9)
  2 vampire bats (D:8)
  5 howler monkeys
  A bullfrog zombie (D:6)
  2 centaur zombies
  4 jellies
  3 hounds
  2 bullfrog skeletons
  8 orc priests
  An iguana (D:6)
  A centaur skeleton (D:7)
  A gnoll shaman (D:8)
  15 orc wizards
  A killer bee zombie (D:8)
  A hound skeleton (D:4)
  A mummy (D:8)
  6 gnolls
  A howler monkey skeleton (D:4)
  3 adders
  A white imp (D:6)
  An ufetubus (D:5)
  A worm (D:2)
  A dart slug (D:3)
  46 orcs
  4 endoplasms
  A giant cockroach (D:2)
  6 goblins
  9 hobgoblins
  4 jackals (D:1)
  3 quokkas
  3 training dummies (D:8)
  6 ball pythons
  9 bats
  2 frilled lizards (D:3)
  5 kobolds
  2 rats
  2 bushes
  3 butterflies (Lair:2)
260 creatures vanquished.

Vanquished Creatures (collateral kills)
  A boulder beetle (D:7)
  The ghost of PeterMcNeter the Thaumaturge, a journeyman DjCj of Gozag (Lair:1)
  A rime drake (Lair:1)
  2 spriggans (Lair:1)
  2 wolves (Lair:1)
  A centaur zombie (D:7)
  6 orcs (D:7)
14 creatures vanquished.

Vanquished Creatures (others)
  An orc priest (D:7)
  An orc (D:7)
  A butterfly (Lair:2)
  27 fungi
  32 plants
62 creatures vanquished.

Grand Total: 336 creatures vanquished

Notes
Turn   | Place    | Note
-------+----------+-------------------------------------------
     0 | D:1      | Gortrek the Deep Dwarf Berserker began the quest for the
                  | Orb.
     0 | D:1      | Reached XP level 1. HP: 20/20 MP: 1/1
   260 | D:1      | Reached XP level 2. HP: 26/28 MP: 2/2
   570 | D:1      | Found a faded altar of an unknown god.
  1241 | D:1      | Found Hiluk's Armour Boutique.
  1609 | D:2      | Reached XP level 3. HP: 34/34 MP: 3/3
  2825 | D:3      | Noticed Terence
  2961 | D:3      | Reached skill level 1 in Stealth
  3029 | D:3      | Reached ** piety under Trog
  3399 | D:3      | Noticed a necrophage
  3415 | D:3      | Killed a necrophage
  3416 | D:3      | Reached XP level 4. HP: 15/42 MP: 4/4
  3416 | D:3      | Reached XP level 5. HP: 18/49 MP: 5/5
  3440 | D:3      | Reached skill level 5 in Axes
  4047 | D:4      | Reached skill level 3 in Armour
  4178 | D:4      | Found a staircase to the Ecumenical Temple.
  4259 | D:4      | Found a white marble altar of Elyvilon.
  4312 | D:4      | Found Geonk's Distillery.
  4332 | D:4      | Bought a potion of invisibility for 104 gold pieces
  4476 | D:4      | Reached XP level 6. HP: 56/56 MP: 5/5
  5069 | D:4      | Bought a potion of curing for 39 gold pieces
  5072 | D:5      | Entered Level 5 of the Dungeon
  5382 | D:5      | Reached XP level 7. HP: 60/63 MP: 5/5
  5664 | D:5      | Reached skill level 4 in Armour
  5747 | D:5      | Found a shimmering blue altar of Sif Muna.
  5758 | D:5      | Reached *** piety under Trog
  5874 | D:5      | Identified the +1 leather armour of Usarr {rElec rPois rF+
                  | Regen+}
  6088 | D:5      | Noticed Grinder
  6102 | D:5      | Killed Grinder
  6103 | D:5      | Reached XP level 8. HP: 68/73 MP: 5/5
  6216 | D:5      | Reached skill level 5 in Armour
  6571 | D:5      | Identified the +1 leather armour of a sewer {Dex+4 Slay+3
                  | SInv Stlth+}
  6662 | D:6      | Noticed Menkaure
  6669 | D:6      | Killed Menkaure
  6710 | D:6      | Found a burning altar of Makhleb.
  6883 | D:6      | Reached skill level 5 in Fighting
  7086 | D:6      | Identified the +1 ring mail "Piatir" {rN+}
  7117 | D:6      | Noticed a komodo dragon
  7118 | D:6      | Noticed Pikel
  7125 | D:6      | Reached **** piety under Trog
  7127 | D:6      | Killed a komodo dragon
  7128 | D:6      | Reached skill level 6 in Armour
  7131 | D:6      | Killed Pikel
  7132 | D:6      | Reached skill level 10 in Axes
  7132 | D:6      | Gained mutation: You passively map the area around you.
                  | [Deep Dwarf growth]
  7132 | D:6      | Reached XP level 9. HP: 73/81 MP: 4/4
  7321 | D:6      | Reached skill level 7 in Armour
  8017 | D:7      | Noticed a boulder beetle
  8388 | D:7      | Killed a boulder beetle
  8421 | D:7      | Reached skill level 8 in Armour
  8549 | D:7      | Noticed Prince Ribbit
  8563 | D:7      | Killed Prince Ribbit
  8700 | D:7      | Reached skill level 9 in Armour
  8749 | D:7      | Found a runed translucent gate.
  8749 | D:7      | Noticed PanSaczeczos's ghost (novice DrAr)
  8759 | D:7      | Found a runed translucent gate.
  8774 | D:7      | Found a runed translucent gate.
  8830 | D:7      | Reached XP level 10. HP: 91/91 MP: 2/2
  8830 | D:7      | Killed PanSaczeczos's ghost
  9432 | D:8      | Found a broken altar of Ashenzari.
  9610 | D:8      | Found Cuecketo's Firing Range.
 10073 | D:8      | Reached skill level 10 in Armour
 10564 | D:8      | Noticed Erica
 10575 | D:8      | Killed Erica
 10646 | D:8      | Reached skill level 11 in Armour
 10779 | D:8      | Reached skill level 5 in Dodging
 11188 | D:8      | Found a snail-covered altar of Cheibriados.
 11979 | D:9      | Reached skill level 12 in Armour
 12428 | D:9      | Found a hazy altar of Hepliaklqana.
 12612 | D:9      | Reached XP level 11. HP: 86/100 MP: 3/3
 12699 | D:9      | Found a staircase to the Lair.
 12732 | Lair:1   | Entered Level 1 of the Lair of Beasts
 12744 | Lair:1   | Noticed a five-headed hydra
 12760 | Lair:1   | Killed a 13-headed hydra
 12760 | Lair:1   | Reached ***** piety under Trog
 12904 | Lair:1   | Found a runed translucent door.
 12917 | Lair:1   | Identified the +3 spear of Usorira {venom, Will+ rCorr
                  | Dex+2}
 12918 | Lair:1   | Noticed PeterMcNeter's ghost (journeyman DjCj)
 13135 | Lair:1   | Reached skill level 13 in Armour
 14825 | Lair:1   | Reached skill level 14 in Armour
 15266 | Lair:1   | Killed PeterMcNeter's ghost
 22643 | Lair:2   | Reached skill level 1 in Polearms
 22773 | Lair:2   | Reached XP level 12. HP: 33/112 MP: 1/1
 23763 | Lair:1   | Glimpsed the power of Zot.
 23887 | Lair:2   | Found a staircase to the Swamp.
 23914 | Lair:2   | Found a burning altar of Makhleb.
 24252 | Lair:2   | Glimpsed the power of Zot.
 24682 | Lair:2   | Glimpsed the power of Zot.
 24781 | Lair:2   | Glimpsed the power of Zot.
 24782 | Lair:2   | Tarried too long and was consumed by Zot

Illustrated notes

Levels and vault maps discovered:
D:1:      eino_arrival_cavern_c, layout_loops_cross,
          hellmonk_ecumenical_altar_inner_sanctum, serial_shops,
          nicolae_shop_statue_plus, minmay_misc_feat_columns
D:2:      wander_river, layout_loops_ring
D:3:      cheibrodos_pilgrimage, layout_basic, uniq_terence
D:4:      layout_loops_ring, mainiacjoe_overflow_small_starburst,
          minmay_temple_entry_gardened_gates, serial_shops,
          nicolae_stop_n_shop_2
D:5:      layout_basic, mainiacjoe_overflow_chevrons, uniq_grinder
D:6:      layout_loops_cross, kennysheep_mini_moat, minmay_manual_moon,
          uniq_pikel, uniq_menkaure
D:7:      layout_cave_pools, biasface_ghost_orc_armoury, uniq_prince_ribbit1
D:8:      layout_basic, slow_altar_2, lemuel_crystal_altar,
          chequers_ossuary_entry_cave, st_stairs_4, roderic_batcave,
          nicolae_shop_firing_range, uniq_erica
D:9:      layout_cave_pools, nicolae_hepliaklqana_hippocampus, dpeg_oklobed_lair
Lair:1:   layout_gridlike, ebering_ghost_funeral_grove, beast_lair_carwin_1
Lair:2:   layout_hall_layers, skrybe_swamp_entry_bodies, basic_altar,
          serial_bayou_shore_b, infiniplex_staircase_pool, lemuel_fruit_fields

Skill      XL: |  1  2  3  4  5  6  7  8  9 10 11 12 |
---------------+-------------------------------------+-----
Fighting       | 3 4 5 6 7 8 |  8.8
Axes           | 4 5 6 7 10 11 12 13 | 13.8
Stealth        | 1 2 3 |  3.8
Dodging        | 3 4 5 |  5.1
Armour         | 3 4 6 9 12 14 | 14.9
Polearms       | 1 2 |  2.7

Action                   |  1- 3 |  4- 6 |  7- 9 | 10-12 || total
-------------------------+-------+-------+-------+-------++-------
Melee: Hand axe          |   111 |   139 |   270 |   588 ||  1108
       Spear             |       |       |       |   253 ||   253
Invok: Berserk           |     8 |     3 |    11 |    22 ||    44
       Trog's Hand       |       |     2 |     2 |     8 ||    12
       Brothers in Arms  |       |       |     3 |     4 ||     7
 Abil: Heal Wounds       |     2 |     8 |    22 |    32 ||    64
  Use: Scroll            |     1 |       |       |       ||     1
       Potion            |       |       |       |     2 ||     2
 Stab: Sleeping          |     1 |       |       |       ||     1
Armor: Animal skin       |    13 |       |       |       ||    13
       Ring mail         |     9 |    28 |       |       ||    37
       Chain mail        |       |     7 |    81 |       ||    88
       Plate armour      |       |       |    45 |   310 ||   355
Dodge: Dodged            |    89 |    57 |   115 |   248 ||   509
